 Dungeon Crawl Stone Soup version 0.24.0-37-gcf1ca852f1 (webtiles) character file.

Game seed: 7922526986079487904, levelgen mode: deterministic

326 PentaManta the Cudgeler (level 6, -4/37 HPs)
             Began as a Gargoyle Monk on Dec 2, 2019.
             Slain by a mummy (8 damage)
             ... in an ossuary.
             The game lasted 00:07:53 (2820 turns).

PentaManta the Cudgeler (Gargoyle Monk)             Turns: 2820, Time: 00:07:54

Health: -4/37      AC: 23    Str: 16    XL:     6   Next: 49%
Magic:  6/6        EV: 12    Int: 11    God:
Gold:   179        SH:  2    Dex: 14    Spells: 5/5 levels left

rFire    . . .     SeeInvis .   e - +2 mace (protect)
rCold    . . .     Gourm    .   (no shield)
rNeg     + . .     Faith    .   j - +1 ring mail
rPois    ∞         Spirit   .   (no helmet)
rElec    +         Reflect  +   x - +1 cloak
rCorr    .         Harm     .   m - +2 pair of gloves
MR       .....                  (no boots)
Stlth    +.........             p - +2 amulet of reflection
HPRegen  0.12/turn              o - ring of flight
MPRegen  0.10/turn              f - +2 ring of dexterity

@: protection aura
A: negative energy resistance 1, electricity resistance, unbreathing,
petrification resistance, rot immunity, AC +4
a: Evoke Flight


You were in an ossuary.
You were hungry.

You visited 1 branch of the dungeon, and saw 5 of its levels.
You also visited: Ossuary.

You collected 179 gold pieces.

Inventory:

Hand Weapons
 e - a +2 mace of protection (weapon)
 g - a +0 whip
 k - a +2 dagger of venom
 r - a +0 flail
Missiles
 h - 32 poisoned darts (quivered)
Armour
 j - a +1 ring mail (worn)
 m - a +2 pair of gloves (worn)
 s - a +0 chain mail
 x - a +1 cloak (worn)
Jewellery
 f - a +2 ring of dexterity (right hand)
 o - a ring of flight (left hand)
 p - a +2 amulet of reflection (around neck)
Wands
 w - a wand of scattershot (3)
Scrolls
 a - 2 scrolls of teleportation
 l - a scroll of enchant armour
 q - 3 scrolls of identify
 u - a scroll of magic mapping
Potions
 b - 3 potions of might
 d - a potion of ambrosia
 i - a potion of berserk rage
 n - 4 potions of curing
Comestibles
 c - 7 rations


   Skills:
 - Level 3.2 Fighting
 * Level 5.4 Maces & Flails
 + Level 3.2 Armour
 + Level 3.5 Dodging
 - Level 2.1 Stealth


You had 5 spell levels left.
You didn't know any spells.
Your spell library was empty.

Dungeon Overview and Level Annotations

Branches:
Dungeon (5/15)            Ossuary (1/1)
 Temple: D:4-7

Altars:
Makhleb


Innate Abilities, Weirdness & Mutations

You are resistant to torment.
Your stone body is resilient. (AC +4)
You are immune to poison.
You resist negative energy. (rN+)
You are resistant to electric shocks. (rElec)
You can survive without breathing.
You are immune to petrification.
You are immune to rotting.


Message History

The centaur zombie hits you but does no damage. x2
The mummy hits you but does no damage. The centaur zombie hits you.
* * * LOW HITPOINT WARNING * * *
The mummy barely misses you.
You sock the mummy!
You destroy the mummy!
The centaur zombie barely misses you.
The centaur zombie hits you but does no damage.
You hit the mummy.
The mummy is moderately damaged.
The centaur zombie hits you but does no damage.
You block the centaur zombie's attack. You block the mummy's attack.
The centaur zombie closely misses you. The centaur zombie hits you.
* * * LOW HITPOINT WARNING * * *
You barely miss the mummy.
The mummy is moderately damaged.
The centaur zombie misses you.
The centaur zombie hits you but does no damage.
The mummy hits you!
You die...

# #
###########.#.#
##..........^...
#...............
#.....∩.@Z...^^.
#......M.Z....^.
##........^.^..^
###########.#.#
# #


You could see a mummy and 2 centaur zombies.

Vanquished Creatures
  A necrophage (D:5)
  2 orc wizards
  An iguana (D:4)
  2 mummies (Ossuary)
  4 adders
  3 dart slugs (D:1)
  4 leopard geckos
  12 orcs
  A giant cockroach (D:4)
  9 goblins
  5 hobgoblins
  2 quokkas
  9 bats
  2 frilled lizards (D:1)
  11 kobolds
  6 rats
74 creatures vanquished.

Vanquished Creatures (others)
  An adder (D:4)
1 creature vanquished.

Grand Total: 75 creatures vanquished

Notes
Turn   | Place    | Note
-------+----------+-------------------------------------------
     0 | D:1      | PentaManta the Gargoyle Monk began the quest for the Orb.
     0 | D:1      | Reached XP level 1. HP: 14/14 MP: 1/1
   126 | D:1      | Reached XP level 2. HP: 15/19 MP: 2/2
   205 | D:1      | Reached skill level 1 in Armour
   585 | D:1      | Reached XP level 3. HP: 23/23 MP: 3/3
  1312 | D:2      | Found a burning altar of Makhleb.
  1479 | D:3      | Reached skill level 4 in Maces & Flails
  1511 | D:3      | Reached XP level 4. HP: 27/28 MP: 4/4
  1888 | D:3      | You fall into a shaft and drop 1 floor!
  2304 | D:4      | Reached XP level 5. HP: 32/32 MP: 5/5
  2635 | D:5      | Entered Level 5 of the Dungeon
  2644 | D:5      | Reached skill level 5 in Maces & Flails
  2699 | D:5      | Noticed a necrophage
  2710 | D:5      | Killed a necrophage
  2710 | D:5      | Reached XP level 6. HP: 26/37 MP: 6/6
  2725 | D:5      | Found a sand-covered staircase.
  2797 | Ossuary  | Entered an ossuary
  2820 | Ossuary  | Slain by a mummy

Levels and vault maps discovered:
D:1:      psy_arrival_fountain, layout_loops_ring, bh_walls_and_bars
D:2:      layout_loops_ring, overflow_temple_1_default
D:3:      layout_rooms, serial_bayou, serial_bayou_lake_a, serial_bayou_pond_e,
          serial_bayou_shore_a, serial_bayou_ford_a, first_ration
D:4:      layout_cave_pools
D:5:      layout_cave_pools, chequers_ossuary_entry_cave
Ossuary:  ossuary_the_hunt_dpeg

Skill      XL: |  1  2  3  4  5 |
---------------+----------------+-----
Armour         | 1 2 3 |  3.2
Maces & Flails | 4 5 |  5.4
Dodging        | 3 |  3.5
Fighting       | |  3.2
Stealth        | |  2.1

Action                   |  1- 3 |  4- 6 || total
-------------------------+-------+-------++-------
Melee: Mace              |   113 |   159 ||   272
       Whip              |    12 |       ||    12
  Use: Scroll            |     8 |     2 ||    10
 Stab: Sleeping          |     4 |       ||     4
  Eat: Chunk             |     1 |     5 ||     6
Armor: Robe              |     9 |       ||     9
       Ring mail         |    33 |   121 ||   154
       Chain mail        |       |     7 ||     7
Dodge: Dodged            |    94 |   151 ||   245
Block: Other             |     2 |    13 ||    15
